[Event "Team 45 45 League T35"]
[Site "Internet Chess Club"]
[Date "2007.11.23"]
[Round "6"]
[White "Kalhalla"]
[Black "Kingofknights"]
[Result "0-1"]
[WhiteElo "1799"]
[BlackElo "1703"]
[Opening "Caro-Kann: Steinitz variation"]
[ECO "B17"]
[Time "08:00:32"]
[TimeControl "2700+45"]

1. e4 c6 2. d4 d5 3. Nc3 dxe4 4. Nxe4 Nd7 5. Bc4 e6 6. Ne2 Ngf6 7. N4g3 b5 8.
Bd3 Nb6 9. b3 Qc7 10. c4 Bb4+ 11. Bd2 Bxd2+ 12. Qxd2 bxc4 13. bxc4 c5 14. Qg5
O-O 15. Qxc5 Qxc5 16. dxc5 Na4 17. Ne4 Bb7 18. Nxf6+ gxf6 19. c6 Bxc6 20. Nd4
Bd7 21. Nb3 Rfc8 22. O-O Nb2 23. Be4 Rab8 24. Rac1 Nxc4 25. Rfd1 Ba4 26. Rd4 Nb6
27. Re1 f5 28. Bf3 Rc2 29. Ra1 Rbc8 30. g3 R8c7 31. h3 Kg7 32. Bd1 R2c4 33. Rd2
Rc3 34. Rb1 Nc4 35. Rd8 Bc6 36. Nc5 Na3 37. Na6 Nxb1 38. Nxc7 Rc1 39. Kf1 Bf3
40. Ke1 Nc3 {White resigns} 0-1

[Event "Team 45 45 League T35"]
[Site "Internet Chess Club"]
[Date "2007.11.24"]
[Round "6"]
[White "Ernie1"]
[Black "crazynights"]
[Result "1-0"]
[WhiteElo "1596"]
[BlackElo "1633"]
[Opening "Queen's pawn game"]
[ECO "D00"]
[Time "09:05:10"]
[TimeControl "2700+45"]

1. d4 d5 2. c3 Nf6 3. Nf3 Nbd7 4. Bf4 g6 5. e3 Bg7 6. Bd3 O-O 7. Qc2 c5 8. Nbd2
c4 9. Be2 b5 10. a4 Qb6 11. axb5 Qxb5 12. e4 dxe4 13. Bxc4 Qf5 14. Ng5 Qxf4 15.
Nxf7 Rxf7 16. Qb3 Ng4 17. g3 Qxf2+ 18. Kd1 Ne3+ 19. Kc1 Nxc4 20. Qxc4 Nf6 21.
Rf1 Qe3 22. Qc6 Rb8 23. Qc7 Nd7 24. Qc4 Nf6 25. Rxa7 Qg5 26. Rxe7 Be6 27. Qxe6
Rf8 28. Kc2 Bh6 29. Nxe4 Nxe4 30. Rexf7 Qd2+ 31. Kb3 Rb8+ 32. Rb7+ {Black
resigns} 1-0

[Event "Team 45 45 League T35"]
[Site "Internet Chess Club"]
[Date "2007.11.24"]
[Round "6"]
[White "Invicta-Knight"]
[Black "wango"]
[Result "1-0"]
[WhiteElo "1548"]
[BlackElo "1443"]
[Opening "Robatsch (modern) defense"]
[ECO "B06"]
[Time "16:12:33"]
[TimeControl "2700+45"]

1. e4 g6 2. d4 Bg7 3. Nf3 d6 4. Bc4 a6 5. a4 Nd7 6. Nbd2 e5 7. dxe5 Nxe5 8. Nxe5
Bxe5 9. Nf3 Bg4 10. Bxf7+ Kxf7 11. Nxe5+ dxe5 12. Qxg4 Nf6 13. Qf3 Qd4 14. Qb3+
Ke8 15. Qe6+ {Black resigns} 1-0

[Event "Team 45 45 League T35"]
[Site "Internet Chess Club"]
[Date "2007.11.25"]
[Round "6"]
[White "beerss"]
[Black "crag"]
[Result "1-0"]
[WhiteElo "1430"]
[BlackElo "1481"]
[Opening "Bird's opening"]
[ECO "A03"]
[Time "20:02:30"]
[TimeControl "2700+45"]

1. f4 d5 2. b3 Nf6 3. Bb2 Bf5 4. Nf3 e6 5. e3 Bc5 6. Be2 O-O 7. O-O Nc6 8. a3
Qd6 9. Bb5 Nd7 10. Bxc6 Qxc6 11. Nc3 Bg4 12. Ne2 Rad8 13. Qe1 Bf5 14. Qg3 f6 15.
Ned4 Bxd4 16. Nxd4 Qc5 17. Nxf5 exf5 18. Rac1 a6 19. Qh3 g6 20. Rf3 Qb6 21. Rg3
Qe6 22. Rf3 Nc5 23. d3 Qb6 24. Bd4 Qc6 25. Rff1 Ne6 26. Bb2 d4 27. e4 fxe4 28.
f5 Ng5 29. Qg3 gxf5 30. Rxf5 Qe6 31. Qg4 Rfe8 32. Re1 e3 33. Ref1 e2 34. Re1 Rd5
35. Rxg5+ Rxg5 36. Qxe6+ Rxe6 37. Bxd4 Rf5 38. Bf2 Rfe5 39. g4 Rg5 40. h3 h5 41.
Bh4 Rg6 42. Kf2 hxg4 43. hxg4 Rxg4 44. Bg3 c6 45. Kf3 Rg5 46. Bf2 Rf5+ 47. Kg2
Rg5+ 48. Kf3 Kg7 49. Be3 Rf5+ 50. Kg4 Rf1 51. Rxe2 f5+ 52. Kg3 f4+ 53. Kg2 Ra1
54. Bd4+ Kf7 55. Rxe6 Rxa3 56. Rf6+ Ke8 57. Rxf4 Ra2 58. Rf2 Kd7 59. Kf3 Kd6 60.
Ke3 Kd5 61. Bh8 b5 62. c3 Ra3 63. b4 c5 64. Rf5+ Kc6 65. Rxc5+ Kb6 66. Bd4 Kb7
67. Rh5 Kc6 68. Rh6+ Kb7 69. Ke4 Ra2 70. Kd5 Rd2 71. Rb6+ Ka7 72. Rxb5+ Ka8 73.
Ra5 Rxd3 74. Rxa6+ Kb7 75. Rb6+ Kc7 76. Kc4 Rxd4+ 77. cxd4 Kxb6 78. Kd5 Kb5 79.
Kd6 Kxb4 80. d5 Kc4 81. Kc6 Kd4 82. d6 Ke5 83. d7 Ke6 84. d8=Q Ke5 85. Qd1 Ke4
86. Kd6 Kf4 87. Qe1 Kf5 88. Qe8 Kf4 89. Qe5+ Kf3 90. Ke6 Kf2 91. Kf5 Kf3 92.
Qe4+ Kf2 93. Kg4 Kf1 94. Kg3 {Black resigns} 1-0

[Event "Team 45 45 League T35"]
[Site "Internet Chess Club"]
[Date "2007.11.25"]
[Round "6"]
[White "t-hobbes"]
[Black "SeniorCitizen"]
[Result "0-1"]
[WhiteElo "1291"]
[BlackElo "1279"]
[Opening "QGD: Orthodox defense, Botvinnik variation"]
[ECO "D60"]
[Time "16:03:45"]
[TimeControl "2700+45"]

1. d4 e6 2. c4 d5 3. Nc3 Nf6 4. Bg5 Be7 5. e3 Nbd7 6. Nf3 O-O 7. Bd3 b6 8. O-O
Bb7 9. Bf4 Rc8 10. Qc2 dxc4 11. Be4 Nxe4 12. Nxe4 Bxe4 13. Qxe4 c6 14. Rac1 Nf6
15. Qc2 b5 16. a4 Nh5 17. Bg3 Nxg3 18. fxg3 a6 19. b3 cxb3 20. Qxb3 Qd5 21. Qd1
Rc7 22. axb5 axb5 23. Ne5 Bd6 24. Nf3 Rb8 25. Nh4 b4 26. Qg4 b3 27. Rb1 c5 28.
Rfd1 c4 29. e4 Qb5 30. d5 Qd7 31. dxe6 fxe6 32. e5 Bc5+ 33. Kh1 Qc6 34. Qxc4 Be7
35. Qd3 b2 36. Qd2 Qc2 37. Qd4 Qxb1 38. Rxb1 Rc1+ 39. Qg1 Rxg1+ 40. Kxg1 Bg5 41.
Nf3 Bc1 42. Nd4 Be3+ 43. Kf1 Bxd4 44. Ke2 Bxe5 45. Kd3 Ra8 46. Kc2 Ra1 47. h4
Rxb1 48. Kxb1 Kf7 49. g4 Bd4 50. g3 e5 51. g5 e4 52. g4 e3 53. h5 h6 54. gxh6
gxh6 55. g5 hxg5 56. h6 e2 57. h7 e1=Q+ 58. Ka2 b1=Q+ {White resigns} 0-1

[Event "Team 45 45 League T35"]
[Site "Internet Chess Club"]
[Date "2007.11.23"]
[Round "6"]
[White "conron"]
[Black "chips"]
[Result "0-1"]
[WhiteElo "1135"]
[BlackElo "1184"]
[Opening "Owen defense"]
[ECO "B00"]
[Time "19:02:15"]
[TimeControl "2700+45"]

1. e4 b6 2. Nf3 Bb7 3. Nc3 d6 4. d4 e6 5. g3 Nf6 6. Qe2 a5 7. Bg2 Ba6 8. Qd1 Be7
9. e5 dxe5 10. dxe5 Qxd1+ 11. Nxd1 Nd5 12. Nd2 c6 13. Ne4 Nb4 14. Ne3 O-O 15. a3
Nd5 16. Nxd5 cxd5 17. Nc3 Nc6 18. f4 Nd4 19. Kd1 b5 20. Be3 Nf5 21. Bf2 Rad8 22.
Bb6 Ne3+ 23. Bxe3 d4 24. Bxd4 Rxd4+ 25. Ke1 Rfd8 26. Rd1 Rxd1+ 27. Nxd1 b4 28.
axb4 Bxb4+ 29. c3 Bc5 30. Bf1 Bb7 31. Nf2 Bxh1 32. Nxh1 Rb8 33. Nf2 Bxf2+ 34.
Kxf2 Rxb2+ 35. Be2 a4 36. c4 a3 37. c5 a2 38. c6 Rc2 39. c7 Rxc7 {White resigns}
0-1

[Event "Team 45 45 League T35"]
[Site "Internet Chess Club"]
[Date "2007.11.26"]
[Round "6"]
[White "Cantemir"]
[Black "littleboo"]
[Result "0-1"]
[WhiteElo "1466"]
[BlackElo "1437"]
[Opening "Halasz gambit"]
[ECO "C21"]
[Time "16:58:54"]
[TimeControl "2700+45"]

1. e4 e5 2. d4 exd4 3. f4 Bc5 4. Bc4 Qh4+ 5. g3 Qe7 6. Nf3 Qxe4+ 7. Kf2 d3+ 8.
Kg2 Qxc4 9. Re1+ Kd8 10. cxd3 Qa6 11. Nc3 Qh6 12. f5 Qh5 13. d4 Be7 14. Nd5 Qxf5
15. Nxe7 Nxe7 16. Bf4 b6 17. Re5 Qg6 18. Rg5 Qe6 19. Qc2 Qf6 20. Qxc7+ Ke8 21.
Re1 Na6 22. Qc4 Kd8 23. Rge5 b5 24. Qxb5 Nc7 25. Qc5 Ne6 26. Qa5+ Ke8 27. d5 d6
28. dxe6 dxe5 29. exf7+ Kxf7 30. Nxe5+ Kg8 31. Qd8+ Qf8 32. Qd6 Bb7+ 33. Kg1 Qf6
34. Qc7 Qb6+ 35. Qxb6 axb6 36. Nd7 Nd5 37. Bd6 h6 38. a3 Rd8 39. Bf8 Rxd7 40.
Re8 Kf7 41. Rb8 Rxf8 {White resigns} 0-1

[Event "Team 45 45 League T35"]
[Site "Internet Chess Club"]
[Date "2007.11.26"]
[Round "6"]
[White "Russ"]
[Black "JimGaming"]
[Result "1-0"]
[WhiteElo "1254"]
[BlackElo "1263"]
[Opening "Bogo-Indian defense, Grünfeld variation"]
[ECO "E11"]
[Time "14:00:58"]
[TimeControl "2700+45"]

1. d4 Nf6 2. c4 e6 3. Nf3 Bb4+ 4. Nbd2 b6 5. a3 Bxd2+ 6. Bxd2 Bb7 7. g3 O-O 8.
Bg2 d6 9. O-O Nbd7 10. Ne1 Bxg2 11. Nxg2 c5 12. Bc3 Ne4 13. Qc2 Nxc3 14. Qxc3
cxd4 15. Qxd4 Nc5 16. Rad1 Nb7 17. e4 Qc7 18. Ne3 Rad8 19. f4 e5 20. Qd5 Nc5 21.
Nf5 Nb7 22. Ne3 Qc5 23. Qd3 Na5 24. b4 Qd4 25. Qxd4 exd4 26. Rxd4 Nc6 27. Rd2
Ne7 28. Rfd1 Nc8 29. Nf5 g6 30. Nxd6 Nxd6 31. Rxd6 Rxd6 32. Rxd6 Re8 33. e5 Rc8
34. Rd4 a6 35. Kf2 Rc6 36. Ke3 f5 37. Kd3 Kf7 38. Kc3 Ke6 39. Kb3 g5 40. a4 h5
41. b5 axb5 42. axb5 Rc5 43. Rd6+ Ke7 44. Rxb6 h4 45. Rc6 Rxe5 46. fxe5 f4 47.
gxf4 gxf4 48. b6 f3 49. b7 Kd7 50. Rf6 Kc7 51. Rxf3 Kxb7 52. Rh3 {Black resigns}
1-0

[Event "Team 45 45 League T35"]
[Site "Internet Chess Club"]
[Date "2007.11.26"]
[Round "6"]
[White "Lionskins"]
[Black "Visin"]
[Result "1-0"]
[WhiteElo "1508"]
[BlackElo "1201"]
[Opening "Polish (Sokolsky) opening"]
[ECO "A00"]
[Time "12:00:22"]
[TimeControl "2700+45"]

1. b4 e5 2. Bb2 Bxb4 3. Bxe5 d6 4. Bb2 Nf6 5. a3 Ba5 6. e3 Bf5 7. Nf3 c5 8. h3
Nbd7 9. g4 Be6 10. Bd3 c4 11. Be2 d5 12. Nd4 Qb6 13. Qc1 g5 14. Nc3 h5 15. Na4
Qc7 16. Nxe6 fxe6 17. gxh5 O-O-O 18. Qd1 Rh7 19. Bg4 Qd6 20. Bd4 b6 21. Nc3 e5
22. Nb5 Qb8 23. Bb2 Rf8 24. Qf3 Rhf7 25. Be6 e4 26. Qf5 Qb7 27. Nd6+ Kc7 28.
Nxb7 Kxb7 {Black resigns} 1-0

[Event "Team 45 45 League T35"]
[Site "Internet Chess Club"]
[Date "2007.11.24"]
[Round "6"]
[White "Tomate"]
[Black "Riddari"]
[Result "1-0"]
[WhiteElo "1405"]
[BlackElo "1338"]
[Opening "Queen's gambit accepted"]
[ECO "D20"]
[Time "15:25:36"]
[TimeControl "2700+45"]

1. d4 d5 2. c4 dxc4 3. e3 Nf6 4. Bxc4 Bf5 5. Nc3 e6 6. a3 Ne4 7. Nf3 Nd6 8. Bb3
Nd7 9. O-O Be7 10. Re1 Nf6 11. Nh4 Bg4 12. Nf3 Nfe4 13. Bc2 Nxc3 14. bxc3 O-O
15. e4 f6 16. Qd3 Rc8 17. e5 Bf5 18. Qd2 Nc4 19. Qe2 Bxc2 20. Qxc4 Qd7 21. exf6
Rxf6 22. Bg5 Rg6 23. Ne5 Qe8 24. Nxg6 hxg6 25. Rxe6 Kh7 26. Rxe7 Qf8 27. Rae1
Qf5 28. R1e3 Bd1 29. f4 Bh5 30. Qf7 Qxf7 31. Rxf7 Kg8 32. Ree7 c5 33. Rxg7+ Kf8
34. Rc7 Re8 35. Rge7 cxd4 36. cxd4 Rd8 37. Rf7+ Ke8 38. Bxd8 Kxd8 39. Rxb7 Ke8
40. Rxa7 g5 41. fxg5 Bxf7 42. h4 Bg6 43. Kf2 Kd8 44. Ke3 Kc8 45. g4 Kb8 46. Rg7
Bc2 47. h5 Kc8 48. h6 Kd8 49. h7 Bxh7 50. Rxh7 Ke8 51. Kf4 Kf8 52. Ke5 Kg8 53.
Ra7 {Black resigns} 1-0

[Event "Team 45 45 League T35"]
[Site "Internet Chess Club"]
[Date "2007.11.25"]
[Round "6"]
[White "otib2006"]
[Black "Dalcon"]
[Result "1-0"]
[WhiteElo "1228"]
[BlackElo "1308"]
[Opening "Pirc: classical (two knights) system"]
[ECO "B08"]
[Time "06:02:59"]
[TimeControl "2700+45"]

1. e4 g6 2. d4 d6 3. Nf3 Nf6 4. Nc3 Bg7 5. Bd3 O-O 6. h3 Re8 7. Be3 c6 8. Qd2 e5
9. O-O exd4 10. Nxd4 d5 11. f3 dxe4 12. fxe4 Nbd7 13. Bh6 Qb6 14. Be3 Qc7 15.
Bh6 Nc5 16. Bxg7 Kxg7 17. Qg5 Nfxe4 18. Nxe4 Nxe4 19. Bxe4 Rxe4 20. Qf6+ Kg8 21.
Nf3 Qf4 22. Qd8+ Kg7 23. Nd2 Qe3+ 24. Rf2 Re8 25. Qf6+ Kg8 26. Qxf7+ Kh8 27. Nc4
Qe7 28. Qf3 Bf5 29. Qc3+ Qg7 30. Qxg7+ Kxg7 31. Nd6 Rf8 32. Nxb7 Rab8 33. Nd6
Rxb2 34. Nxf5+ Rxf5 35. Rxf5 gxf5 36. c3 Rc2 37. a4 Rxc3 38. a5 c5 39. a6 Rb3
40. Ra5 Rb1+ 41. Kf2 c4 42. Rxf5 c3 43. Rc5 Rb2+ 44. Ke3 c2 45. Kd2 c1=Q+ 46.
Kxc1 Rxg2 47. Rc7+ Kf8 48. Rxa7 Ra2 49. Ra8+ Ke7 50. Ra7+ Kd6 51. Rxh7 Kc6 52.
Rh6+ Kc7 53. h4 Kb8 54. h5 Ka7 55. Rg6 Rh2 56. h6 Rh3 57. Kd2 Rh4 58. Kd3 Rh5
59. Kd4 Rh1 60. Kd5 Rh5+ 61. Ke4 Rh1 62. Kf5 Rh2 63. Kf6 Kxa6 64. Kg7+ Kb7 65.
h7 Kc8 66. h8=Q+ Rxh8 67. Kxh8 Kd8 68. Rg7 Ke8 69. Kh7 Kd8 70. Ra7 Kc8 71. Kg7
Kb8 72. Rf7 Kc8 73. Kf6 Kd8 74. Ke6 Ke8 75. Ra7 Kd8 76. Kd6 Kc8 77. Kc6 Kb8 78.
Rh7 Ka8 79. Kb6 Kb8 80. Rh8# {Black checkmated} 1-0

[Event "Team 45 45 League T35"]
[Site "Internet Chess Club"]
[Date "2007.11.24"]
[Round "6"]
[White "smcintyr11"]
[Black "gilalva"]
[Result "0-1"]
[WhiteElo "1170"]
[BlackElo "1192"]
[Opening "Two knights defense (Modern bishop's opening)"]
[ECO "C55"]
[Time "11:01:07"]
[TimeControl "2700+45"]

1. e4 e5 2. Nf3 Nc6 3. Bc4 Nf6 4. d3 d5 5. exd5 Na5 6. Bb5+ c6 7. dxc6 bxc6 8.
Ba4 Bg4 9. O-O Bd6 10. Bg5 h6 11. Bxf6 Qxf6 12. Nbd2 O-O 13. Ne4 Qg6 14. g3 f5
15. Nxd6 Qxd6 16. a3 Qd5 17. Kg2 Bxf3+ 18. Qxf3 Qxf3+ 19. Kxf3 e4+ 20. dxe4
fxe4+ 21. Kxe4 Rae8+ 22. Kd4 Rd8+ 23. Kc5 Rd5+ 24. Kb4 Rb8+ 25. Kc3 Rc5+ 26. Kd2
Rd8+ 27. Ke3 Nc4+ 28. Ke2 Re5+ 29. Kf3 Nd2+ 30. Kg2 Nxf1 31. Rxf1 Kh8 32. Bxc6
Rd2 33. Ba4 Ree2 34. b4 Re3 35. Bb3 Re7 36. a4 Rd6 37. b5 g5 38. f4 g4 39. f5
Rd2+ 40. Rf2 Ree2 41. Rxe2 Rxe2+ 42. Kg1 Rd2 43. f6 Rd8 44. a5 Rf8 45. f7 Kg7
46. b6 Rb8 47. Kf2 axb6 48. axb6 Rxb6 49. Ke3 Rf6 50. Ke4 Kf8 51. Ke5 Rf2 52.
Ke4 Rxh2 53. Kf4 h5 54. Bc4 Rxc2 55. Bd5 Rf2+ 56. Ke3 Rf6 57. Ba2 Rf3+ 58. Ke4
Rxg3 59. Bd5 h4 60. Kf5 Rf3+ 61. Kxg4 Rd3 62. Ba2 h3 63. Bb1 Rc3 64. Be4 h2 65.
Bh1 Kxf7 66. Kf4 Kf6 67. Kg4 Ke5 68. Kh4 Kf4 69. Kh5 Kg3 70. Kg5 Rc1 71. Ba8
h1=Q 72. Bxh1 Rxh1 73. Kf5 Rh4 74. Ke5 Rf4 75. Kd5 Kg4 76. Ke5 Kg5 77. Kd5 Kf5
78. Kd6 Re4 79. Kd5 Re3 80. Kd4 Re5 81. Kd3 Kf4 82. Kd4 Re1 83. Kd5 Ke3 84. Ke5
Kd3+ 85. Kd5 Re4 86. Kd6 Kd4 87. Kc6 Kc4 88. Kd6 Kd4 89. Kc6 Re5 90. Kd6 Rg5 91.
Ke6 Kc5 92. Kf6 Rd5 93. Ke6 Kc6 94. Kf6 Kd6 95. Kf7 Re5 96. Kf6 Ra5 97. Kf7 Ke5
98. Ke7 Ra6 99. Kd7 Kf6 100. Kc7 Kf7 101. Kd7 Rg6 102. Kc7 Ke7 103. Kb7 Kd7 104.
Kb8 Kc6 105. Ka7 Kc7 106. Ka8 Ra6# {White checkmated} 0-1

[Event "Team 45 45 League T35"]
[Site "Internet Chess Club"]
[Date "2007.11.23"]
[Round "6"]
[White "Mitch99"]
[Black "Fidelian"]
[Result "1-0"]
[WhiteElo "1432"]
[BlackElo "1361"]
[Opening "French defense"]
[ECO "C01"]
[Time "13:43:55"]
[TimeControl "2700+45"]

1. e4 e6 2. d4 c5 3. c3 Nf6 4. Bg5 Be7 5. e5 Nd5 6. Bxe7 Qxe7 7. c4 Nb6 8. Nf3
Nc6 9. Nc3 d6 10. exd6 Qxd6 11. Nb5 Qd7 12. dxc5 Qxd1+ 13. Rxd1 Na4 14. Nc7+ Ke7
15. Nxa8 Nxc5 16. Nc7 f6 17. Nb5 a6 18. Nbd4 Nb4 19. a3 Na2 20. Ra1 e5 21. Rxa2
exd4 22. Nxd4 Re8 23. Be2 Kf7 24. O-O Ne4 25. Bf3 Nd2 26. Bd5+ Kg6 {Black
resigns} 1-0

[Event "Team 45 45 League T35"]
[Site "Internet Chess Club"]
[Date "2007.11.26"]
[Round "6"]
[White "uipawn"]
[Black "mkrump"]
[Result "0-1"]
[WhiteElo "1336"]
[BlackElo "1353"]
[Opening "Sicilian: Najdorf, Opocensky variation"]
[ECO "B92"]
[Time "21:29:15"]
[TimeControl "2700+45"]

1. e4 c5 2. Nf3 d6 3. Nc3 a6 4. d4 cxd4 5. Nxd4 Nf6 6. Be2 e5 7. Nf3 Be7 8. O-O
Be6 9. Ng5 Bd7 10. b3 h6 11. Nf3 Be6 12. Bb2 O-O 13. Bd3 Nbd7 14. Ne2 Nc5 15.
Ng3 Qc7 16. Rc1 Rac8 17. a4 Qd7 18. Qd2 Rc7 19. b4 Nxa4 20. c3 Nxb2 21. Qxb2
Rfc8 22. Qa3 Bc4 23. Ne1 Bxd3 24. Nxd3 Rc6 25. Rfd1 Qc7 26. Ne2 Nxe4 27. f3 Nxc3
28. Nxc3 Rxc3 29. Rxc3 Qxc3 30. Qxc3 Rxc3 31. Nf2 Rc8 32. Kf1 b5 33. Ne4 Rd8 34.
Ra1 f5 35. Nc3 d5 36. Rxa6 Bxb4 37. Nxb5 Kf7 38. Ra7+ Kf6 39. Nc7 d4 40. Rb7 Be7
41. Ke1 e4 42. fxe4 fxe4 43. Rb1 e3 44. Rb5 d3 45. Nd5+ Rxd5 46. Rxd5 Bb4+ 47.
Kd1 e2+ 48. Kc1 e1=Q+ 49. Kb2 Qc3+ 50. Ka2 Qc4+ {White resigns} 0-1

[Event "Team 45 45 League T35"]
[Site "Internet Chess Club"]
[Date "2007.11.23"]
[Round "6"]
[White "gsloan"]
[Black "ckak0202"]
[Result "0-1"]
[WhiteElo "1128"]
[BlackElo "1291"]
[Opening "Giuoco Piano"]
[ECO "C50"]
[Time "21:05:56"]
[TimeControl "2700+45"]

1. e4 e5 2. Nf3 Nc6 3. Bc4 Bc5 4. O-O Nf6 5. Re1 d6 6. c3 O-O 7. d4 exd4 8. cxd4
Bb4 9. Nc3 Bg4 10. Re3 Re8 11. a3 Bxc3 12. bxc3 Nxe4 13. Qb3 Bh5 14. Qxb7 Na5
15. Qd5 Nxc4 16. Qxc4 Bxf3 17. Rxf3 Qe7 18. Re3 Qf6 19. Rf3 Qe7 20. Re3 Rac8 21.
f3 Qh4 22. fxe4 Rxe4 23. Rxe4 Qxe4 24. Bd2 Qc2 25. Qa2 Qe4 26. Re1 Qf5 27. Qb3
c5 28. dxc5 Qxc5+ 29. Kh1 Qf2 30. Qd5 g6 31. Qxd6 Kg7 32. Qd4+ Qxd4 33. cxd4 Rc2
34. Bb4 Kh6 35. Rd1 f5 36. d5 Rc7 37. Kg1 Kg5 38. Kf2 h5 39. Kf3 Kf6 40. Kf4 g5+
41. Kf3 g4+ 42. Kf4 Rc4+ 43. Kg3 Kg5 44. Bd2+ f4+ 45. Kf2 Rd4 46. g3 Rxd5 47.
gxf4+ Kf5 48. Kg3 Rd3+ 49. Kh4 Rxa3 50. Kxh5 Ra2 51. Kh4 Ra3 52. Kh5 Rh3# {White
checkmated} 0-1

[Event "Team 45 45 League T35"]
[Site "Internet Chess Club"]
[Date "2007.11.25"]
[Round "6"]
[White "curtintime"]
[Black "merecat"]
[Result "0-1"]
[WhiteElo "1398"]
[BlackElo "1419"]
[Opening "Philidor's defense"]
[ECO "C41"]
[Time "11:06:49"]
[TimeControl "2700+45"]

1. e4 e5 2. Nf3 d6 3. Bc4 h6 4. d4 exd4 5. Nxd4 Nc6 6. Nxc6 bxc6 7. Be3 Qe7 8.
Nc3 Nf6 9. Qf3 Bg4 10. Qg3 g5 11. f3 Be6 12. Bxe6 Qxe6 13. Qf2 c5 14. O-O Bg7
15. Nb5 Qd7 16. a4 a6 17. Nc3 O-O 18. Rad1 Qc6 19. Nd5 Nxd5 20. exd5 Qxa4 21. c3
Rfb8 22. f4 g4 23. f5 f6 24. Qh4 Rxb2 25. Bxh6 Qe4 26. Bxg7 Rxg2+ 27. Kh1 Rd2+
28. Kg1 Qe3+ 29. Kh1 Qe4+ 30. Kg1 Qg2# {White checkmated} 0-1

[Event "Team 45 45 League T35"]
[Site "Internet Chess Club"]
[Date "2007.11.26"]
[Round "6"]
[White "carolinaknight"]
[Black "Prop"]
[Result "0-1"]
[WhiteElo "1136"]
[BlackElo "1262"]
[Opening "two knights defense: Lolli attack"]
[ECO "C57"]
[Time "19:12:54"]
[TimeControl "2700+45"]

1. e4 e5 2. Nf3 Nc6 3. Bc4 Nf6 4. Ng5 d5 5. exd5 Nxd5 6. d4 exd4 7. O-O Qd7 8.
Nd2 Bc5 9. Re1+ Nce7 10. Nb3 b6 11. Nxd4 O-O 12. Qd3 Nf5 13. Nxf5 Qxf5 14. Bxd5
Qxf2+ {White resigns} 0-1

[Event "Team 45 45 League T35"]
[Site "Internet Chess Club"]
[Date "2007.11.26"]
[Round "6"]
[White "BosqueVerde"]
[Black "furrbrain"]
[Result "1-0"]
[WhiteElo "1271"]
[BlackElo "1317"]
[Opening "Nimzo-Indian: classical, 4...c5"]
[ECO "E38"]
[Time "20:00:10"]
[TimeControl "2700+45"]

1. d4 e6 2. c4 Nf6 3. Nc3 Bb4 4. Qc2 c5 5. Nf3 Nc6 6. Bg5 cxd4 7. Bxf6 Qxf6 8.
a3 Ba5 9. b4 dxc3 10. bxa5 Nxa5 11. e3 b6 12. Bd3 Bb7 13. O-O Bxf3 14. gxf3 Qxf3
15. Qxc3 Rc8 16. Qxg7 Ke7 17. Qg5+ Kd6 18. Rfd1 Rhg8 19. Bxh7+ Kc7 20. Bxg8 Nxc4
21. Rac1 Kb7 22. Rxd7+ Ka6 23. Qf4 Rxg8+ 24. Kf1 Nd2+ 25. Ke1 Rg1+ 26. Kxd2 Rxc1
27. Qa4# {Black checkmated} 1-0

[Event "Team 45 45 League T35"]
[Site "Internet Chess Club"]
[Date "2007.11.24"]
[Round "6"]
[White "WzeroMN"]
[Black "Gomer"]
[Result "1-0"]
[WhiteElo "1179"]
[BlackElo "1144"]
[Opening "Ruy Lopez: old Steinitz defense"]
[ECO "C62"]
[Time "15:00:21"]
[TimeControl "2700+45"]

1. e4 e5 2. Nf3 Nc6 3. Bb5 d6 4. h3 Nf6 5. Nc3 Bd7 6. Bc4 Qe7 7. O-O O-O-O 8.
Ng5 d5 9. exd5 Nxd5 10. Nxf7 Qxf7 11. Bxd5 Qg6 12. Kh2 Nb4 13. Be4 Bf5 14. Bxf5+
Qxf5 15. Qg4 Qxg4 16. hxg4 Nxc2 17. Rb1 Bd6 18. Ne4 Be7 19. b3 h5 20. gxh5 Rxh5+
21. Kg3 Rf8 22. f3 Rh6 23. Bb2 Rfh8 24. Kf2 Nd4 25. Bxd4 exd4 26. d3 Rc6 27.
Rfc1 Rhh6 28. Rc4 Rxc4 29. bxc4 Bh4+ 30. g3 Be7 31. Kg2 Rb6 32. Rxb6 cxb6 33.
Kf2 a6 34. Nd2 b5 35. cxb5 axb5 36. Nb3 b4 37. Nxd4 Kc7 38. Ke2 Kb6 39. Kd2 Bg5+
40. Kc2 Ka5 41. Kb3 Bf6 42. Nc2 g5 43. d4 Be7 44. f4 gxf4 45. gxf4 Kb6 46. d5
Bc5 47. Nxb4 Bxb4 48. Kxb4 Kc7 49. Kc5 b6+ 50. Kd4 Kd6 51. f5 b5 52. f6 Kd7 53.
Ke5 b4 54. Kf5 Ke8 55. Kg6 {Black resigns} 1-0

[Event "Team 45 45 League T35"]
[Site "Internet Chess Club"]
[Date "2007.11.27"]
[Round "6"]
[White "Archdruid"]
[Black "bmw2002"]
[Result "1-0"]
[WhiteElo "1756"]
[BlackElo "1692"]
[Opening "Caro-Kann: classical variation"]
[ECO "B18"]
[Time "21:04:01"]
[TimeControl "2700+45"]

1. e4 c6 2. d4 d5 3. Nd2 dxe4 4. Nxe4 Bf5 5. Ng3 Bg6 6. Nf3 Nd7 7. Bc4 Ngf6 8.
O-O Qc7 9. Re1 O-O-O 10. Qe2 e6 11. Ng5 Re8 12. Qf3 Bd6 13. c3 Nb6 14. Bf1 h6
15. Nh3 Nbd5 16. a3 Ne7 17. Nf4 Nf5 18. Nxf5 Bxf5 19. h3 h5 20. Nd3 Reg8 21. Ne5
g5 22. Qe3 Kb8 23. c4 h4 24. c5 Bxe5 25. Qxe5 Nd5 26. f3 Nf4 27. Bd2 f6 28. Bxf4
gxf4 29. Qxc7+ Kxc7 30. Kf2 Rd8 31. Bc4 Rxd4 32. Bxe6 Bc2 33. Rac1 Rd2+ 34. Re2
Rhd8 35. Rxc2 Rxc2 36. Rxc2 Rd1 37. Ke2 Rg1 38. Kf2 Rd1 39. Bf5 Rb1 40. Re2 Rc1
41. Rc2 Rb1 42. Be6 b6 43. cxb6+ axb6 44. Bd5 c5 45. b4 Kd6 46. Ba2 cxb4 47.
Bxb1 bxa3 48. Ra2 {Black resigns} 1-0

[Event "Team 45 45 League T35"]
[Site "Internet Chess Club"]
[Date "2007.11.25"]
[Round "6"]
[White "BrerRabbit"]
[Black "OOB1"]
[Result "1-0"]
[WhiteElo "1604"]
[BlackElo "1567"]
[Opening "QGD: Marshall defense"]
[ECO "D06"]
[Time "15:21:23"]
[TimeControl "2700+45"]

1. d4 d5 2. c4 Nf6 3. cxd5 Qxd5 4. Nc3 Qa5 5. Qc2 e6 6. a3 Nc6 7. Nf3 e5 8. dxe5
Nxe5 9. Nxe5 Qxe5 10. e3 Bd6 11. g3 Nd5 12. Bd2 Nxc3 13. Bxc3 Qd5 14. e4 Qh5 15.
Bxg7 Rg8 16. Bc3 Qf3 17. Rg1 Qh5 18. h4 f5 19. Bg2 f4 20. Bh1 fxg3 21. f3 Qxh4
22. O-O-O Bd7 23. Bg2 O-O-O 24. Rh1 Qf4+ 25. Kb1 Qf7 26. Rd5 Kb8 27. Rdh5 Bb5
28. Rxb5 Bf4 29. Qb3 Qxb3 30. Rxb3 h6 31. Kc2 Rd6 32. Rd1 Rgd8 33. Rxd6 Rxd6 34.
Rb5 a6 35. Rd5 Rxd5 36. exd5 Kc8 37. Bd2 Bxd2 38. Kxd2 Kd7 39. Kd3 Kd6 40. f4 h5
41. Ke3 b6 42. Be4 h4 43. Kf3 Kc5 44. f5 Kd6 45. Kg4 Ke5 46. Bg2 a5 47. Kg5 a4
48. f6 {Black resigns} 1-0

[Event "Team 45 45 League T35"]
[Site "Internet Chess Club"]
[Date "2007.11.26"]
[Round "6"]
[White "keisher415"]
[Black "allanchs"]
[Result "1-0"]
[WhiteElo "1795"]
[BlackElo "1545"]
[Opening "Queen's pawn game"]
[ECO "D05"]
[Time "17:03:02"]
[TimeControl "2700+45"]

1. d4 d5 2. Nf3 Nf6 3. e3 e6 4. Bd3 Be7 5. O-O O-O 6. Ne5 Nbd7 7. f4 Ne4 8. Nd2
Ndf6 9. Qf3 c5 10. c3 b6 11. Nxe4 Nxe4 12. Bxe4 dxe4 13. Qxe4 Ba6 14. Rf3 Qd5
15. Qxd5 exd5 16. Rf2 Bc8 17. Bd2 Bf5 18. Nc6 Bd6 19. dxc5 Bxc5 20. Nd4 Be4 21.
Be1 Rfe8 22. Rd2 Rac8 23. Bf2 a6 24. Ne2 Rc6 25. Ng3 Be7 26. Nxe4 dxe4 27. Rad1
Rc7 28. Rd7 Rxd7 29. Rxd7 Rd8 30. Rxe7 Kf8 31. Rxe4 Rd1+ 32. Be1 Rxe1+ 33. Kf2
Rd1 34. Rd4 {Black resigns} 1-0

[Event "Team 45 45 League T35"]
[Site "Internet Chess Club"]
[Date "2007.11.23"]
[Round "6"]
[White "fredd"]
[Black "Mfalme"]
[Result "1/2-1/2"]
[WhiteElo "1514"]
[BlackElo "1211"]
[Opening "Queen's gambit accepted"]
[ECO "D20"]
[Time "22:02:23"]
[TimeControl "2700+45"]

1. d4 d5 2. c4 dxc4 3. e3 e5 4. Bxc4 exd4 5. exd4 Bf5 6. Nf3 Bxb1 7. Rxb1 Bb4+
8. Bd2 Qe7+ 9. Be2 Nc6 10. O-O O-O-O 11. Re1 Qd6 12. Bc3 Nf6 13. a3 Bxc3 14.
bxc3 Qxa3 15. Qb3 Qxb3 16. Rxb3 Ne4 17. Bd3 Nf6 18. Ng5 Rdf8 19. Bf5+ Kb8 20.
Bd3 h6 21. Nf3 Nd5 22. Be4 Nde7 23. d5 Na5 24. Rb5 b6 25. Reb1 Rd8 26. Rxa5 f5
27. d6 Rxd6 28. Bxf5 Nxf5 29. Rxf5 Rhd8 30. g3 Ka8 31. Rf7 R6d7 32. Rxd7 Rxd7
33. Nd4 a5 34. h4 Kb7 35. Kg2 c5 36. Ne6 Kc6 37. c4 a4 38. Ra1 b5 39. cxb5+ Kxb5
40. Rb1+ Kc6 41. Rc1 Kd5 42. Nf4+ Kd6 43. Nd3 Rc7 44. Nb2 Ra7 45. Ra1 a3 46.
Nc4+ Kd5 47. Nxa3 c4 48. Rd1+ Kc5 49. Nxc4 Kxc4 50. g4 Rf7 51. Kg3 Kc5 52. f4
Kc6 53. f5 Kc7 54. Kf4 Kc8 55. Re1 Kd8 56. Re6 Re7 57. Rxe7 Kxe7 58. g5 hxg5+
59. Kxg5 Kf7 60. h5 Kg8 61. Kg6 Kf8 {Game drawn by mutual agreement} 1/2-1/2